 Dungeon Crawl Stone Soup version 0.29.1-1-gd02db6906a (webtiles) character file.

Game seed: 13961832608852197180

9 Ashen the Firebug (level 2, 19/19 HPs)
             Began as a Demonspawn Fire Elementalist on Oct 12, 2022.
             Got out of the dungeon alive.
             The game lasted 00:01:11 (389 turns).

Ashen the Firebug (Demonspawn Fire Elementalist)     Turns: 389, Time: 00:01:11

Health: 19/19      AC:  2    Str:  8    XL:     2   Next: 6%
Magic:  5/5        EV: 12    Int: 16    God:
Gold:   19         SH:  0    Dex: 13    Spells: 4/5 levels left

rFire   . . .      SeeInvis .   (no weapon)
rCold   . . .      Faith    .   (no shield)
rNeg    . . .      Spirit   .   a - +0 robe
rPois   .          Reflect  .   (no helmet)
rElec   .          Harm     .   (no cloak)
rCorr   .          Rampage  .   (no gloves)
Will    .....                   (no boots)
Stlth   ++........              (no amulet)
HPRegen 0.06/turn               (no ring)
MPRegen 0.09/turn               (no ring)

@: no status effects
A: spiny 1
a: no special abilities


You escaped.
You visited 1 branch of the dungeon, and saw 1 of its levels.

You collected 19 gold pieces.

Inventory:

Armour
 a - a +0 robe (worn)
Jewellery
 c - an amulet of faith
Scrolls
 d - a scroll of blinking {unknown}
 e - a scroll of teleportation {unknown}
 f - a scroll of amnesia {unknown}
Potions
 b - a potion of magic


   Skills:
 + Level 2.0 Dodging
 + Level 2.0 Stealth
 + Level 2.1 Spellcasting
 + Level 1.2 Conjurations
 + Level 2.8 Fire Magic


You had 4 spell levels left.
You knew the following spells:

 Your Spells              Type           Power      Damage    Failure   Level
a - Foxfire               Conj/Fire      32%        2x1d5     9%          1

Your spell library contained the following spells:

 Spells                   Type           Power      Damage    Failure   Level
 Scorch                   Fire           20%        2d6       10%         2
 Conjure Flame            Conj/Fire      8%         6-21      26%         3
 Inner Flame              Hex/Fire       6%         N/A       34%         3
 Flame Wave               Conj/Fire      8%         2d5       65%         4


Dungeon Overview and Level Annotations

Branches:
Dungeon (1/15)

Altars:


Innate Abilities, Weirdness & Mutations

You are partially covered in sharp spines.


Message History

A goblin comes into view. It is wielding a +0 dagger.
Casting: Foxfire (safe; 9% risk of failure)
Confirm with . or Enter, or press ? or * to list all spells.
You conjure some foxfire!
The goblin shouts!
Unknown command.
The foxfire hits the goblin.
You kill the goblin!
Your foxfire dissipates!
Found a stone staircase leading down.
e - a scroll labelled MIEQUN HEJIU
f - a scroll labelled VECZAO PASAICS A kobold comes into view.
It is wielding a +0 club.
Found a scroll labelled LOFISE WIMUHAR.
The kobold shouts!
The kobold throws a stone.
The stone misses you.
A goblin comes into view. It is wielding a +0 dagger.
Casting: Foxfire (safe; 9% risk of failure)
Confirm with . or Enter, or press ? or * to list all spells.
You conjure some foxfire!
You hit the kobold.
The kobold is heavily wounded.
The foxfire hits the kobold but does no damage.
The kobold is heavily wounded.
The foxfire hits the kobold.
You kill the kobold!
Your Stealth skill increases to level 2!
You have reached level 2!
Your demonic ancestry asserts itself...
Sharp spines emerge from parts of your body.
Casting: Foxfire (safe; 9% risk of failure)
Confirm with . or Enter, or press ? or * to list all spells.
You conjure some foxfire!
The foxfire hits the goblin.
You kill the goblin!
Your Dodging skill increases to level 2!
There is an open gate here.
There is a staircase leading out of the dungeon here.
Are you sure you want to leave the Dungeon?
This will make you lose the game!
You have escaped!

.....†.####...##.########...#....
.......'.........................
.......####...##.######..........
......## ##.###...# #.##.#.....
.....## #####.#.####.#####...#
#...## ###.......##.# ####
##'#########.##'''##....# ##.#
#.......#.....#..#.# ...#
#.#####.#..@..#.##.#
##.###.#.....#.....#.##.#
#...##.#.##..#.[...#.##..
.....#.......##+++##.####
#...####.###.........# ##.#####.#
########### .........# ##.#######
...#


There were no monsters in sight!

Vanquished Creatures
  2 endoplasms (D:1)
  3 goblins (D:1)
  A hobgoblin (D:1)
  A kobold (D:1)
  A frilled lizard (D:1)
  A rat (D:1)
9 creatures vanquished.

Vanquished Creatures (others)
  20 foxfires (D:1)
20 creatures vanquished.

Grand Total: 29 creatures vanquished

Notes
Turn   | Place    | Note
-------+----------+-------------------------------------------
     0 | D:1      | Ashen the Demonspawn Fire Elementalist began the quest for
                  | the Orb.
     0 | D:1      | Reached XP level 1. HP: 13/13 MP: 3/3
   353 | D:1      | Gained mutation: You are partially covered in sharp spines.
                  | [demonic ancestry]
   353 | D:1      | Reached XP level 2. HP: 19/19 MP: 3/5
   389 | D:$      | Got out of the dungeon alive.

Illustrated notes

Levels and vault maps discovered:
D:1:      dpeg_arrival_windows_large_door, layout_loops_corners

Skill      XL: |  1  2 |
---------------+-------+-----
Stealth        | 2 |  2.0
Dodging        | 2 |  2.0
Spellcasting   | |  2.1
Conjurations   | |  1.2
Fire Magic     | |  2.8

Action                   || total
-------------------------++-------
Melee: Unarmed           ||     3
 Cast: Foxfire           ||    12
Dodge: Dodged            ||     2
